Map: Lerilak Crest

Players

ChitogeBesto - Winner!

  • Race: Zerg Zerg
  • League: Master

nDieThyrym

  • Race: Protoss Protoss
  • League: Gold

Event: Lycan League Weekly August #1

VOD

Have the link to the VOD?

Description

Time

  • Played on: Aug. 3, 2015, 12:11 p.m.
  • Length: 6:05

All games in this series

Show
View Real Time Build Order
Export as new Build Order

ChitogeBesto Zerg - Winner!

Build Orders: Pool First 

Get SALT Encoding   

  12  0:01  Drone  
  13  0:10  Drone  
  14  0:14  Extractor  
  14  0:18  Drone  
  14  0:33  Spawning Pool  
  13  0:36  Drone  
  14  0:46  Overlord  
  14  0:57  Drone, Extractor  
  15  1:20  Metabolic Boost, Zergling x6  
  18  1:26  Queen  
  18  1:31  Zergling x2  
  21  1:53  Hatchery  
  20  2:02  Zergling x2  
  20  2:07  Overlord  
  21  2:14  Drone  
  21  2:32  Drone  
  21  2:33  Zergling x2  
  23  2:39  Zergling x2  
  23  2:42  Zergling x6  
  27  2:53  Drone  
  26  3:11  Drone x2  
  27  3:13  Queen  
  27  3:15  Drone x4  
  32  3:21  Zergling x4  
  33  3:33  Drone x3  
  36  3:40  Drone  
  36  3:48  Drone  
  36  3:50  Roach Warren  
  34  3:57  Overlord x2  
  32  4:04  Zergling x2  
  32  4:05  Zergling x2  
  34  4:30  Roach x8  
  50  4:33  Overlord  
  50  4:35  Drone  
  51  4:47  Drone  
  52  4:55  Drone x4  
  52  4:58  Extractor  
  52  4:59  Extractor  
  54  5:00  Drone x4  
  57  5:07  Roach  
  57  5:14  Overlord  
  59  5:18  Spore Crawler, Ravager  
  58  5:24  Roach  
  59  5:32  Roach x5  
  59  5:33  Roach  
  67  5:36  Zergling x2  
  67  5:37  Zergling x6  
Show
View Real Time Build Order
Export as new Build Order

nDieThyrym Protoss 

Build Orders:  

Get SALT Encoding   

  12  0:01  Probe  
  13  0:13  Pylon  
  13  0:18  Probe  
  14  0:32  Probe (Chrono Boost)  
  15  0:36  Gateway  
  15  0:42  Probe (Chrono Boost)  
  16  0:49  Probe  
  17  0:51  Assimilator  
  17  1:01  Probe  
  18  1:13  Probe  
  19  1:18  Pylon  
  19  1:24  Cybernetics Core, Zealot (Chrono Boost)  
  21  1:27  Probe  
  22  1:44  Zealot  
  24  1:51  Assimilator  
  24  1:52  Forge  
  24  1:59  Pylon  
  24  2:02  Warp Gate (Chrono Boost)  
  24  2:17  Probe (Chrono Boost)  
  25  2:29  Mothership Core (Chrono Boost)  
  23  2:37  Protoss Ground Weapons Level 1  
  23  2:44  Pylon  
  23  2:49  Probe (Chrono Boost)  
  23  2:50  Stalker (Chrono Boost)  
  25  3:01  Probe  
  25  3:15  Stalker  
  25  3:40  Pylon  
  23  3:47  Stalker  
  25  4:02  Gateway  
  25  4:03  Gateway  
  25  4:22  Probe  
  26  4:38  Pylon  
  26  4:40  Stalker  
  27  4:49  Probe  
  27  4:51  Pylon  
  28  4:58  Zealot x2  
  32  5:20  Pylon  
  31  5:30  Probe  
  31  5:32  Stalker x3  
  34  5:56  Zealot x3  

Tags
 
Add a new tag
Caveats
  • Supply blocks, unpowered buildings, or Contaminate may cause inaccurate times.
  • Supply counts are checked every 10 seconds.